 Dungeon Sprint DCSS version 0.27-a0-1591-gc56fcc985a (webtiles) character file.

Game seed: 14311043058360757713

16578 howech the Executioner (level 12, -7/110 HPs)
             Began as a Minotaur Gladiator on July 19, 2021.
             Was the Champion of Trog.
             Mangled by a death yak (20 damage)
             ... in the Dungeon (Sprint VII: "The Pits").
             The game lasted 00:16:10 (2680 turns).

howech the Executioner (Minotaur Gladiator)         Turns: 2680, Time: 00:16:11

Health: -7/110     AC: 22    Str: 23    XL:     12   Next: 11%
Magic:  11/11      EV: 14    Int:  5    God:    Trog [******]
Gold:   55         SH:  0    Dex: 16    Spells: 11/11 levels left

rFire    . . .     SeeInvis .   d - +9 battleaxe
rCold    . . .     Faith    .   (shield currently unavailable)
rNeg     . . .     Spirit   .   r - +4 chain mail
rPois    .         Reflect  .   c - +0 hat
rElec    .         Harm     .   (no cloak)
rCorr    .         Rampage  .   s - +0 pair of gloves
Will     ++...     NoTele   +   t - +0 pair of boots
Stlth    ..........             (no amulet)
HPRegen  1.28/turn              p - +3 ring of protection
MPRegen  0.12/turn              q - +3 ring of strength

@: strong-willed, regenerating
A: horns 2, retaliatory headbutt
a: Renounce Religion, Berserk, Trog's Hand, Brothers in Arms


You were in the Dungeon.
You worshipped Trog.
Trog was exalted by your worship.
You visited 1 branch You collected 55 gold pieces.

Inventory:

Hand Weapons
 a - a +0 quarterstaff
 d - a +9 battleaxe (weapon)
 k - a +2 quarterstaff
 m - a +2 quarterstaff of protection
 o - a +1 antimagic battleaxe
 u - a +4 quarterstaff of speed
 v - a +7 quarterstaff of flaming
 x - a +0 battleaxe
 y - a +3 lajatang of flaming
 z - a +4 quarterstaff of flaming
 A - a +4 broad axe
 I - a +3 vorpal quarterstaff
 K - a +4 executioner's axe of flaming
Armour
 b - a +0 leather armour
 c - a +0 hat (worn)
 n - a +2 plate armour
 r - a +4 chain mail (worn)
 s - a +0 pair of gloves (worn)
 t - a +0 pair of boots (worn)
 J - +0 steam dragon scales
Jewellery
 p - a +3 ring of protection (left hand)
 q - a +3 ring of strength (right hand)
 C - a ring of poison resistance
Wands
 w - a wand of acid (8)
 B - a wand of flame (15)
 E - a wand of paralysis (6)
Scrolls
 j - 3 scrolls of blinking
 F - 3 scrolls of identify
 G - 3 scrolls of enchant weapon
 H - a scroll of fear
Potions
 e - 6 potions of curing
 f - 16 potions of heal wounds
 g - 4 potions of haste
 h - 4 potions of magic
 i - 7 potions of berserk rage
 l - 2 potions of invisibility
 D - 3 potions of might


   Skills:
 - Level 11.6 Fighting
 * Level 21.5 Axes
 - Level 14.0 Staves
 - Level 10.0 Throwing
 - Level 11.1 Armour
 - Level 11.7 Dodging
 - Level 8.4 Evocations


You had 11 spell levels left.
You didn't know any spells.
Your spell library contained the following spells:

 Spells                   Type           Power      Damage    Failure   Level
 Conjure Flame            Conj/Fire      0%         6-21      100%        3
 Inner Flame              Hex/Fire       0%         N/A       100%        3
 Summon Forest            Summ/Tloc      0%         N/A       100%        5
 Ignition                 Fire           0%         3d3       100%        8


Dungeon Overview and Level Annotations

Branches:
Dungeon (1/1)

Altars:
Ashenzari
Cheibriados
Dithmenos
Elyvilon
Fedhas
Gozag
Hepliaklqana
Kikubaaqudgha
Makhleb
Nemelex Xobeh
Okawaru
Qazlal
Ru
Sif Muna
Trog
Uskayaw
Vehumet
Wu Jian
Xom
Yredelemnul
Zin
The Shining One
Beogh
Jiyva
Lugonu


Innate Abilities, Weirdness & Mutations

You have a pair of horns on your head.
You reflexively headbutt those who attack you in melee.


Message History

You hit the ice devil. The moth of wrath bites your cyclops!
The ice devil hits you! The ice devil freezes you!!
A frost giant comes into view.
It is wielding a +2 battleaxe of freezing and wearing the ring "Pyobiet" {rN+ Slay+4}.
Your Axes skill increases to level 21!
You hit the ice devil. You headbutt the ice devil.
The ice devil is severely wounded.
You slash the frost giant! The moth of wrath bites your cyclops!
The frost giant hits you but does no damage.
Your cyclops hits the moth of wrath. The ice devil barely misses you.
Unknown command.
You slice the ice devil!!
You kill the ice devil!
Trog accepts your kill.
You slash the frost giant! The moth of wrath bites your cyclops.
Unknown command.
You slice the frost giant!!
The frost giant is heavily wounded.
The frost giant hits you but does no damage.
Your cyclops hits the moth of wrath!!!
The moth of wrath dies!
Trog accepts your kill.
Unknown command.
You slice the frost giant!!
The frost giant is severely wounded.
You slice the death yak!!
The frost giant hits you but does no damage.
The death yak gores you but does no damage.
Unknown command.
You slash the frost giant!
The frost giant is severely wounded.
You hit the death yak but do no damage.
Unknown command.
You slice the frost giant!!
The frost giant is almost dead.
You hit the death yak. The frost giant casts a spell at you.
The bolt of cold hits you!!!
* * * LOW HITPOINT WARNING * * *
The death yak gores you!!
You die...

#..........+ ###++####''#
###++####''############
#......##..............
#.#+##.##..)...........
#.#|.'.##.÷############ #
+=Y#.##..# #=YCY##..#
########## #@##..#
.....##..# #C##..#
.....##..# †.##..#
.....''†.# #####..#
.....'†.÷##########..#
.....##.......)....÷.#
.....##...........÷÷.#
######################
#####
##########################


You could see a frost giant, 3 death yaks and a friendly cyclops (summoned,
berserk).

Vanquished Creatures
  A vampire knight (D)
  An eidolon (D)
  A boulder beetle (D)
  2 death yaks (D)
  A cherub (D)
  A flayed ghost (D)
  A deep troll (D)
  A deep elf pyromancer (D)
  A phantasmal warrior (D)
  An orc knight (D)
  An orc sorcerer (D)
  An elephant (D)
  2 orange demons (D)
  A smoke demon (D)
  A rust devil (D)
  2 rime drakes (D)
  A kobold demonologist (D)
  A demonic crawler (D)
  An efreet (D)
  A komodo dragon (D)
  3 merfolk (D)
  An ice devil (D)
  A guardian mummy (D)
  A wandering mushroom (D)
  A flying skull (D)
  A steam dragon (D)
  Edmund (D)
  A warg (D)
  An acid dragon (D)
  A water moccasin (D)
  6 floating eyes (D)
  A swamp drake (D)
  2 ice beasts (D)
  5 wolves (D)
  A necrophage (D)
  A centaur (D)
  A bullfrog (D)
  A scorpion (D)
  11 killer bees (D)
  2 crimson imps (D)
  2 gnoll shamans (D)
  A hound (D)
  An iron imp (D)
  An adder (D)
  13 gnolls (D)
  A river rat (D)
  A white imp (D)
  An ufetubus (D)
  A worm (D)
  A ball python zombie (D)
  A giant cockroach zombie (D)
  3 kobolds (D)
93 creatures vanquished.

Vanquished Creatures (collateral kills)
  A merfolk impaler (D)
  A two-headed ogre (D)
  A flayed ghost (D)
  A deep elf pyromancer (D)
  An orc knight (D)
  A moth of wrath (D)
  Maurice (D)
  A demonic crawler (D)
  A merfolk (D)
  A shadow (D)
  A wraith (D)
  A spriggan (D)
  An ogre (D)
  Blork the orc (D)
  A gnoll sergeant (D)
  A gnoll (D)
  An orc (D)
17 creatures vanquished.

Vanquished Creatures (others)
  An eye of devastation (D)
  An orc (D)
2 creatures vanquished.

Grand Total: 112 creatures vanquished

Notes
Turn   | Place    | Note
-------+----------+-------------------------------------------
     0 | D        | howech the Minotaur Gladiator began the quest for the Orb.
     0 | D        | Reached XP level 1. HP: 18/18 MP: 0/0
     9 | D        | Noticed a scorpion
    17 | D        | Killed a scorpion
    18 | D        | Reached skill level 5 in Dodging
    18 | D        | Reached XP level 2. HP: 18/27 MP: 1/1
    18 | D        | Reached XP level 3. HP: 22/33 MP: 2/2
    38 | D        | Found a glowing golden altar of the Shining One.
    38 | D        | Found a glowing silver altar of Zin.
    38 | D        | Found a basalt altar of Yredelemnul.
    38 | D        | Found a shimmering altar of Xom.
    38 | D        | Found an ornate altar of the Wu Jian Council.
    38 | D        | Found a bloodstained altar of Trog.
    38 | D        | Found a shimmering blue altar of Sif Muna.
    38 | D        | Found a sacrificial altar of Ru.
    38 | D        | Found a stormy altar of Qazlal.
    38 | D        | Found an iron altar of Okawaru.
    38 | D        | Found a sparkling altar of Nemelex Xobeh.
    38 | D        | Found a burning altar of Makhleb.
    38 | D        | Found a viscous altar of Jiyva.
    38 | D        | Found a hazy altar of Hepliaklqana.
    38 | D        | Found an opulent altar of Gozag.
    38 | D        | Found a blossoming altar of Fedhas.
    38 | D        | Found a white marble altar of Elyvilon.
    38 | D        | Found a shadowy altar of Dithmenos.
    38 | D        | Found a snail-covered altar of Cheibriados.
    39 | D        | Found a radiant altar of Vehumet.
    39 | D        | Found a corrupted altar of Lugonu.
    41 | D        | Became a worshipper of Trog the Wrathful
    42 | D        | Found an ancient bone altar of Kikubaaqudgha.
    42 | D        | Found a hide-covered altar of Uskayaw.
    42 | D        | Found a broken altar of Ashenzari.
    51 | D        | Noticed a floating eye
    58 | D        | Killed a floating eye
    59 | D        | Reached skill level 2 in Axes
    59 | D        | Reached XP level 4. HP: 30/41 MP: 3/3
    59 | D        | Reached XP level 5. HP: 35/47 MP: 4/4
    61 | D        | Noticed a floating eye
    66 | D        | Reached * piety under Trog
    69 | D        | Reached skill level 5 in Fighting
    69 | D        | Killed a floating eye
    70 | D        | Reached skill level 3 in Axes
    75 | D        | Noticed a floating eye
    75 | D        | Noticed a floating eye
    76 | D        | Noticed Edmund
    77 | D        | Killed a floating eye
    77 | D        | Reached ** piety under Trog
    78 | D        | Reached skill level 4 in Axes
    78 | D        | Reached skill level 5 in Throwing
    78 | D        | Reached XP level 6. HP: 44/57 MP: 5/5
    78 | D        | Paralysed by a floating eye for 3 turns
    88 | D        | Killed a floating eye
    89 | D        | Reached skill level 10 in Staves
    89 | D        | Reached skill level 5 in Armour
    93 | D        | Killed Edmund
    94 | D        | Reached skill level 5 in Axes
    94 | D        | Reached XP level 7. HP: 46/64 MP: 6/6
   218 | D        | Reached *** piety under Trog
   230 | D        | Paralysed by a floating eye for 2 turns
   239 | D        | Reached **** piety under Trog
   241 | D        | Paralysed by a floating eye for 3 turns
   246 | D        | Paralysed by a floating eye for 2 turns
   252 | D        | Paralysed by a floating eye for 3 turns
   258 | D        | Reached skill level 6 in Axes
   263 | D        | Paralysed by a floating eye for 4 turns
   267 | D        | Reached ***** piety under Trog
   298 | D        | Reached XP level 8. HP: 70/74 MP: 7/7
   300 | D        | Noticed an orc knight
   316 | D        | Killed an orc knight
   317 | D        | Reached skill level 7 in Axes
   317 | D        | Reached skill level 5 in Evocations
   487 | D        | Received a gift from Trog
   496 | D        | Noticed a smoke demon
   498 | D        | Noticed a rust devil
   508 | D        | Killed a smoke demon
   509 | D        | Reached skill level 8 in Axes
   522 | D        | Killed a rust devil
   523 | D        | Reached XP level 9. HP: 40/83 MP: 8/8
   687 | D        | Reached skill level 9 in Axes
   691 | D        | Received a gift from Trog
   704 | D        | Noticed an orc sorcerer
   705 | D        | Noticed a deep elf pyromancer
   709 | D        | Noticed a sun demon
   710 | D        | Killed an orc sorcerer
   711 | D        | Reached skill level 10 in Dodging
   715 | D        | Killed a deep elf pyromancer
   716 | D        | Reached skill level 10 in Axes
  1011 | D        | Noticed a kobold demonologist
  1011 | D        | Noticed a boulder beetle
  1031 | D        | Noticed a hellwing
  1032 | D        | Noticed a rust devil
  1032 | D        | Killed a kobold demonologist
  1032 | D        | Received a gift from Trog
  1033 | D        | Reached skill level 10 in Fighting
  1071 | D        | Killed a boulder beetle
  1072 | D        | Reached skill level 11 in Axes
  1072 | D        | Reached XP level 10. HP: 62/94 MP: 9/9
  1081 | D        | Noticed Blork the orc
  1091 | D        | Noticed an orange demon
  1099 | D        | Killed Blork the orc
  1101 | D        | Reached skill level 10 in Armour
  1103 | D        | Killed an orange demon
  1324 | D        | Noticed Maurice
  1333 | D        | Killed Maurice
  1334 | D        | Reached skill level 12 in Axes
  1432 | D        | Noticed an orange demon
  1432 | D        | Noticed a phantasmal warrior
  1442 | D        | Reached ****** piety under Trog
  1449 | D        | Killed a phantasmal warrior
  1453 | D        | Killed an orange demon
  1454 | D        | Received a gift from Trog
  1505 | D        | Noticed a two-headed ogre
  1505 | D        | Noticed an orc knight
  1505 | D        | Noticed an eye of devastation
  1514 | D        | Killed an orc knight
  1518 | D        | Killed a two-headed ogre
  1519 | D        | Reached skill level 13 in Axes
  1535 | D        | Noticed a death yak
  1544 | D        | Killed a death yak
  1544 | D        | Received a gift from Trog
  1545 | D        | Killed an eye of devastation
  1550 | D        | Reached skill level 10 in Throwing
  1550 | D        | Reached XP level 11. HP: 91/102 MP: 10/10
  1632 | D        | Noticed a merfolk impaler
  1636 | D        | Reached skill level 14 in Axes
  1637 | D        | Noticed a flayed ghost
  1647 | D        | Killed a merfolk impaler
  1648 | D        | Reached skill level 15 in Axes
  1650 | D        | Noticed a vampire knight
  1651 | D        | Received a gift from Trog
  1652 | D        | Noticed a flayed ghost
  1654 | D        | Killed a flayed ghost
  1659 | D        | Reached skill level 16 in Axes
  1660 | D        | Received a gift from Trog
  1671 | D        | Killed a flayed ghost
  1676 | D        | Reached skill level 17 in Axes
  1681 | D        | Killed a vampire knight
  1686 | D        | Reached skill level 18 in Axes
  1886 | D        | Got the Handbook of the Torrid Compass
  2009 | D        | Received a gift from Trog
  2098 | D        | Noticed a deep elf pyromancer
  2109 | D        | Reached skill level 19 in Axes
  2127 | D        | Killed a deep elf pyromancer
  2296 | D        | Noticed a deep troll
  2297 | D        | Noticed an eidolon
  2307 | D        | Killed a deep troll
  2318 | D        | Killed an eidolon
  2319 | D        | Reached skill level 20 in Axes
  2335 | D        | Noticed a cherub
  2367 | D        | Killed a cherub
  2378 | D        | Received a gift from Trog
  2585 | D        | Reached XP level 12. HP: 110/110 MP: 11/11
  2662 | D        | Noticed a death yak
  2662 | D        | Noticed a death yak
  2662 | D        | Noticed a death yak
  2662 | D        | Noticed a death yak
  2662 | D        | Noticed a death yak
  2674 | D        | Killed a death yak
  2674 | D        | Identified the ring "Pyobiet" {rN+ Slay+4}
  2674 | D        | Noticed a frost giant
  2675 | D        | Reached skill level 21 in Axes
  2680 | D        | Mangled by a death yak

Illustrated notes

Levels and vault maps discovered:
D:        pitsprint [storerooms_1, entrance_room_1, metal_vault_2, armoury_3,
          mini_pit_1, grid_room_1, main_hall_1, silver_pit, the_coven_3,
          the_vestibule_1, steel_vault_1, golden_pit, hallway_of_sentries,
          crystal_vault_4, iron_vault_4, final_vault]

Skill      XL: |  1  2  3  4  5  6  7  8  9 10 11 12 |
---------------+-------------------------------------+-----
Fighting       | 3 4 6 7 9 10 11 | 11.6
Staves         | 6 8 9 10 11 12 13 14 | 14.0
Throwing       | 3 4 5 6 7 8 10 | 10.0
Dodging        | 5 6 7 8 9 10 11 | 11.7
Axes           | 2 4 5 6 8 11 13 20 21 | 21.5
Armour         | 2 4 5 6 8 9 11 | 11.1
Evocations     | 2 3 4 6 7 8 |  8.4

Action                   |  1- 3 |  4- 6 |  7- 9 | 10-12 || total
-------------------------+-------+-------+-------+-------++-------
Melee: Quarterstaff      |    10 |    19 |   135 |    96 ||   260
       Headbutt          |     3 |     3 |    33 |    33 ||    72
       Battleaxe         |       |       |       |    76 ||    76
Throw: Throwing net      |     2 |       |     3 |       ||     5
Invok: Trog's Hand       |       |     1 |     2 |     8 ||    11
       Berserk           |       |     1 |     2 |     3 ||     6
       Brothers in Arms  |       |       |     1 |     7 ||     8
  Use: Potion            |       |       |     1 |     3 ||     4
       Scroll            |       |       |       |     3 ||     3
 Stab: Held in net/web   |       |       |     1 |       ||     1
       Distracted        |       |       |       |     2 ||     2
Armor: Leather armour    |     2 |     1 |       |       ||     3
       Plate armour      |       |       |    55 |       ||    55
       Chain mail        |       |       |    24 |    98 ||   122
Dodge: Dodged            |     8 |    10 |    55 |   109 ||   182

Table legend: (Time is in decaauts)
 A = Elapsed time spent in this place.
 B = Non-inter-level travel time spent in this place.
 C = Inter-level travel time spent in this place.
 D = Time resting spent in this place.
 E = Time spent auto-exploring this place.
 F = Levels seen in this place.
 G = Mean time per level.
                   A        B        C        D        E       F      G
               +--------+--------+--------+--------+--------+-----+--------+
         Total |   2624 |   2578 |     46 |   1410 |      0 |   1 | 2624.0 |
       Dungeon |   2624 |   2578 |     46 |   1410 |      0 |   1 | 2624.0 |
               +--------+--------+--------+--------+--------+-----+--------+

Top non-repeatable levels by time:
       D: 2624 daAuts
